 Dungeon Crawl Stone Soup version 0.20-a0-1122-gb7cbeb9 (webtiles) character file.

279122 Gorice the Warrior (level 19, -6/249 HPs)
             Began as a Minotaur Enchanter on May 7, 2017.
             Was the Champion of Okawaru.
             Killed from afar by a wizard (13 damage)
             ... with a crystal spear
             ... on level 1 of the Vaults on May 13, 2017.
             The game lasted 04:17:25 (47453 turns).

Gorice the Warrior (Minotaur Enchanter)            Turns: 47453, Time: 04:17:26

Health: -6/249     AC: 39    Str: 24    XL:     19   Next: 65%
Magic:  28/28      EV: 16    Int: 19    God:    Okawaru [******]
Gold:   2647       SH:  0    Dex: 15    Spells: 19/20 levels left

rFire    + + .     SeeInvis +   a - +0 lajatang (elec)
rCold    + . .     Gourm    .   (shield currently unavailable)
rNeg     . . .     Faith    +   o - +5 plate armour of Enesoz {rElec rPois Int+5}
rPois    +         Spirit   .   f - +3 crown of Dyrovepreva {rElec Int+2 SInv}
rElec    +         Reflect  .   l - +1 cloak {+Inv}
rCorr    +         Harm     .   j - +2 pair of gloves of Awe {rF++ rCorr Dex+2}
MR       +....                  O - +2 pair of boots
Stlth    ..........             i - amulet of faith {!P}
Regen    0.6/turn               g - ring of protection from cold
MPRegen  0.3/turn               M - +2 ring of protection

@: berserking, marked, slowed
A: retaliatory headbutt, horns 2, frail 1
}: 2/15 runes: serpentine, barnacled
a: Heroism, Finesse, Renounce Religion, Evoke Invisibility


You were on level 1 of the Vaults.
You worshipped Okawaru.
Okawaru was exalted by your worship.
You were not hungry.

You visited 7 branches of the dungeon, and saw 33 of its levels.
You also visited: Labyrinth and Sewer.

You collected 2750 gold pieces.
You spent 103 gold pieces at shops.

Inventory:

Hand Weapons
 a - a +0 lajatang of electrocution (weapon)
   (You found it on level 12 of the Dungeon)
 b - a +3 antimagic lajatang
   (Okawaru gifted it to you on level 3 of the Snake Pit)
 B - a +0 blowgun
Missiles
 u - 8 curare-tipped needles
 C - 20 poisoned javelins (quivered)
 P - 27 javelins of penetration
 Y - 3 throwing nets
Armour
 f - the +3 crown of Dyrovepreva (worn) {rElec Int+2 SInv}
   (Okawaru gifted it to you on level 13 of the Dungeon)

   It affects your intelligence (+2).
   It insulates you from electricity.
   It lets you see invisible.
 j - the +2 pair of gloves of Awe (worn) {rF++ rCorr Dex+2}
   (Okawaru gifted it to you on level 4 of the Lair of Beasts)

   It affects your dexterity (+2).
   It greatly protects you from fire.
   It protects you from acid and corrosion.
 l - a +1 cloak of invisibility (worn)
   (Okawaru gifted it to you on level 1 of the Lair of Beasts)
 o - the +5 plate armour of Enesoz (worn) {rElec rPois Int+5}
   (Okawaru gifted it to you on level 13 of the Dungeon)

   It affects your intelligence (+5).
   It insulates you from electricity.
   It protects you from poison.
 r - a +1 plate armour of cold resistance
   (You took it off a vault warden on level 13 of the Dungeon)
 O - a +2 pair of boots (worn)
 W - the +5 plate armour of Okawaru's Favour {+Fly rPois rC- Int+4}
   (Okawaru gifted it to you on level 11 of the Dungeon)

   It affects your intelligence (+4).
   It makes you vulnerable to cold.
   It protects you from poison.
   It lets you fly.
Magical Staves
 v - an uncursed staff of summoning {unknown}
Jewellery
 c - an uncursed ring of ice
 g - a ring of protection from cold (left hand)
 i - an amulet of faith (around neck) {!P}
 M - a +2 ring of protection (right hand)
Wands
 m - a wand of confusion (12/48)
 q - a wand of digging (4/24)
 t - a wand of iceblast (11/15)
 F - a wand of scattershot (5/9)
 K - a wand of paralysis (3/24)
 Q - a wand of acid (8/15)
Scrolls
 n - 6 scrolls of magic mapping {!r}
 w - 12 scrolls of remove curse
 x - a scroll of teleportation {!r}
 y - 2 scrolls of silence {!r}
 G - 6 scrolls of fog
 V - 4 scrolls of blinking
Potions
 e - 3 potions of resistance {!q}
 h - 8 potions of curing
 k - 3 potions of haste {!q}
 p - 4 potions of agility {!q}
 E - a potion of berserk rage
 H - 3 potions of might {!q}
 L - 2 potions of cancellation {!q}
 R - a potion of heal wounds {!q}
Miscellaneous
 U - a box of beasts
Comestibles
 d - 17 bread rations {!e}
 s - a chunk of flesh


   Skills:
 + Level 20.0 Fighting
   Level 2.4 Short Blades
 - Level 14.0 Staves
 + Level 6.9 Throwing
 + Level 19.8 Armour
 - Level 14.1 Dodging
 - Level 2.4 Stealth
 - Level 1.3 Spellcasting
   Level 2.0 Hexes
 - Level 10.0 Invocations
 - Level 14.2 Evocations


You had 19 spell levels left.
You knew the following spells:

 Your Spells              Type           Power        Failure   Level  Hunger
B - Summon Butterflies    Summ           #.......     69%         1    ##.....


Dungeon Overview and Level Annotations

Branches:
Dungeon (15/15)            Temple (1/1) D:5            Lair (6/6) D:8
 Shoals (4/4) Lair:4        Snake (4/4) Lair:4        Slime (0/5) Lair:5
    Orc (2/2) D:12            Elf (0/3) Orc:2        Vaults (1/5) D:13
 Depths (0/5) D:15

Altars:
Ashenzari
Cheibriados
Dithmenos
Elyvilon
Fedhas
Gozag
Hepliaklqana
Kikubaaqudgha
Makhleb
Nemelex Xobeh
Okawaru
Qazlal
Ru
Sif Muna
Trog
Uskayaw
Vehumet
Wu Jian
Xom
Yredelemnul
Zin
The Shining One
Jiyva

Shops:
D:4 ?[[   D:6 [   D:7 [   D:13 (   Orc:2 !}(*   Snake:2 (

Annotations:
D:15 vpUX: demon island w hellion, exclusions: 2 iron imps, rust devil and 1 more exclusion


Innate Abilities, Weirdness & Mutations

You reflexively headbutt those who attack you in melee.
You have a pair of horns on your head.
You are frail. (-10% HP)


Message History

The centaur warrior hits you but does no damage.
You hit the centaur warrior but do no damage.
The centaur warrior is moderately wounded.
The centaur warrior hits you.
* * * LOW HITPOINT WARNING * * *
Damage: 4 (max 6)
You cut the centaur warrior into ribbons!!!
You kill the centaur warrior!
Okawaru accepts your kill.
The wizard shouts, "You are history!"
A wizard comes into view. It is wielding a dagger.
There is an open door, spattered with blood here.
Things that are here:
a shortbow; 16 arrows The wizard mumbles some strange words.
The wizard seems to speed up.
You slice the yaktaur!! Lightning courses through the yaktaur!
The yaktaur is severely wounded.
The yaktaur barely misses you. The wizard casts a spell at you.
You easily resist.
You slice the yaktaur!! Lightning courses through the yaktaur!
You kill the yaktaur!
Okawaru accepts your kill.
The yaktaur's shape twists and changes as it dies.
The wizard barely misses you.
The wizard gestures wildly while chanting.
The wizard blinks!
You see here a shapeshifter corpse.
The wizard closely misses you.
Your plate armour of Enesoz prevents you from hitting the wizard.
The wizard casts a spell at you.
You feel yourself slow down.
You slice the wizard!! Lightning courses through the wizard!
The wizard is almost dead.
The wizard casts a spell at you. The crystal spear hits you!
* * * LOW HITPOINT WARNING * * *
The wizard hits you but does no damage. The wizard misses you.
The wizard hits you but does no damage.
Damage: 32 (max 32) Unknown command.
Unknown command.
Unknown command.
A red film seems to cover your vision as you go berserk!
You feel yourself moving faster!
You feel mighty! The wizard closely misses you.
The wizard points at you and mumbles some strange words.
The crystal spear hits you!
You die...

######)#################### #
#.....)..# #......# #
#........# ####....####
#........#########.###..###.#
#........#....!..#..##..##..#
#........'.......#(..#..'...#
#........#†......#...'..#...'
#........).p.p...'..##'###..#
#........#..@....#.###..###.#
#........#.......####...#####
##########.......# #......#
######### ########


You could see 2 wizards.

Vanquished Creatures
  Nikola (Shoals:1)
  Rupert (Lair:5)
  Asterion (Snake:1)
  Polyphemus (Shoals:2)
  Gastronok (Lair:2)
  Kirke (Shoals:3)
  9 nagarajas
  Ilsuiw (Shoals:4)
  Aizul (Shoals:1)
  2 vault wardens
  4 ironheart preservers (Vaults:1)
  2 stone giants
  A deep elf demonologist (Vaults:1)
  An ettin (D:15)
  Snorg (Lair:4)
  7 merfolk javelineers
  2 fire dragons (Vaults:1)
  Erolcha (Orc:2)
  A minotaur (Lab)
  7 merfolk impalers
  2 yaktaur captains
  A rakshasa (Vaults:1)
  7 ogre magi
  11 hydras
  Harold (Lair:4)
  15 anacondas
  A death knight (D:14)
  12 naga warriors
  3 alligator snapping turtles (Shoals:3)
  2 vault guards
  7 centaur warriors
  4 merfolk avatars
  10 death yaks
  5 satyrs
  6 catoblepae
  4 merfolk aquamancers
  A tengu warrior (D:15)
  30 two-headed ogres
  16 naga sharpshooters
  8 shock serpents
  An orc high priest (Orc:2)
  A deep elf knight (Vaults:1)
  The ghost of Voxish the Slicer, a novice KoEn of Okawaru (D:8)
  2 salamander mystics
  A hell knight (D:15)
  2 unseen horrors
  2 skeletal warriors
  7 naga ritualists
  A deep elf archer (Vaults:1)
  6 sea snakes
  2 flayed ghosts (Vaults:1)
  A lindwurm (Lair:5)
  A necromancer (Vaults:1)
  An ironbrand convoker (D:13)
  8 mana vipers
  10 harpies
  4 orc sorcerers (Orc:2)
  2 orc knights
  2 oklob plants
  6 ugly things
  7 salamanders
  17 manticores
  15 cyclopes
  8 fauns
  18 elephants
  40 black mambas
  A guardian serpent (Snake:4)
  8 merfolk sirens
  6 vault sentinels
  Joseph (D:8)
  7 water nymphs
  22 naga magi
  A spiny frog (shapeshifter) (Vaults:1)
  An ice statue (Lair:2)
  2 gargoyles
  9 rime drakes
  14 spiny frogs
  2 kobold demonologists (D:13)
  A freezing wraith (D:14)
  An ice devil (Lair:2)
  4 komodo dragons
  3 yaktaurs (Vaults:1)
  A yaktaur (shapeshifter) (Vaults:1)
  3 tengu conjurers (D:15)
  A queen bee (Lair:4)
  28 merfolk
  13 trolls
  A minotaur zombie (Lab)
  Prince Ribbit (D:7)
  3 wind drakes
  7 polar bears
  4 hornets
  20 hippogriffs
  26 slime creatures
  9 blink frogs
  12 dream sheep
  8 snapping turtles
  13 water elementals
  12 spriggans (Lair:4)
  3 shadows
  A wraith (D:14)
  89 yaks
  12 wyverns
  Eustachio (D:6)
  A human (D:14)
  3 vampire mosquitoes (D:14)
  5 hungry ghosts
  7 basilisks
  Menkaure (D:7)
  Edmund (D:4)
  35 nagas
  A soldier ant (D:10)
  8 water moccasins
  An acid dragon (Vaults:1)
  4 wargs
  A hell hound (D:14)
  14 ice beasts
  25 orc warriors
  12 porcupines
  4 black bears
  Purgy (Sewer)
  A hornet zombie (D:12)
  4 sky beasts
  4 phantoms
  20 ogres
  20 centaurs
  3 eyes of draining
  A necrophage (D:10)
  12 wolves
  6 boggarts
  14 crocodiles
  6 big kobolds
  21 bullfrogs
  2 wyvern zombies
  2 gnoll sergeants
  A wyvern skeleton (D:13)
  7 scorpions
  14 killer bees
  3 howler monkeys
  4 electric eels
  8 crimson imps
  3 bullfrog zombies
  6 centaur zombies
  23 orc priests
  5 hounds
  38 orc wizards
  A quasit (D:14)
  6 bullfrog skeletons
  10 centaur skeletons
  5 jellies
  6 iguanas
  Ijyb (D:5)
  17 worker ants
  3 killer bee zombies (D:6)
  3 ogre skeletons (Lab)
  2 hound zombies (D:6)
  A hound skeleton (D:9)
  A mummy (D:5)
  A howler monkey zombie (D:6)
  Robin (D:2)
  12 gnolls
  A river rat (D:6)
  17 adders
  6 shadow imps
  A white imp (Lair:2)
  3 oozes
  3 adder skeletons
  3 worms
  2 dart slugs
  3 leopard geckos
  83 orcs
  7 bats
  7 giant cockroaches
  11 goblins
  13 hobgoblins
  15 jackals
  6 quokkas
  A ball python skeleton (D:4)
  2 frilled lizards
  3 hobgoblin zombies (D:5)
  A jackal skeleton (D:5)
  35 kobolds
  A kobold zombie (D:5)
  3 leopard gecko skeletons
  A leopard gecko zombie (D:6)
  2 quokka skeletons
  A quokka zombie (D:6)
  6 rats
  A plant (Shoals:3)
  2 tentacles (Shoals:4)
1371 creatures vanquished.

Vanquished Creatures (others)
  A merfolk javelineer (Shoals:4)
  An ogre mage (D:15)
  A merfolk siren (Shoals:4)
  4 humans (Shoals:3)
  A centaur (D:15)
  A bush (Lair:4)
  8 fungi
  13 plants
  4 tentacles (Shoals:4)
  8 toadstools (Lair:5)
42 creatures vanquished.

Grand Total: 1413 creatures vanquished

Notes
Turn   | Place    | Note
-------+----------+-------------------------------------------
     0 | D:1      | Gorice the Minotaur Enchanter began the quest for the Orb.
     0 | D:1      | Reached XP level 1. HP: 14/14 MP: 1/1
   340 | D:1      | Reached skill level 1 in Fighting
   340 | D:1      | Reached XP level 2. HP: 21/23 MP: 3/3
   458 | D:1      | Reached skill level 2 in Short Blades
   937 | D:2      | Reached skill level 2 in Fighting
   937 | D:2      | Reached XP level 3. HP: 22/29 MP: 4/4
  1410 | D:2      | Reached skill level 1 in Armour
  1417 | D:2      | Noticed Robin
  1437 | D:2      | HP: 7/29 [goblin/club[Robin] (2)]
  1448 | D:2      | Reached skill level 1 in Staves
  1453 | D:2      | Killed Robin
  1693 | D:2      | Reached XP level 4. HP: 29/36 MP: 5/5
  1914 | D:2      | Reached skill level 2 in Staves
  2311 | D:2      | Reached skill level 2 in Armour
  2734 | D:3      | Reached skill level 3 in Staves
  2767 | D:3      | Reached XP level 5. HP: 36/41 MP: 6/6
  3023 | D:2      | Reached skill level 4 in Staves
  3065 | D:3      | Reached skill level 3 in Armour
  3210 | D:3      | Found an ancient bone altar of Kikubaaqudgha.
  3691 | D:4      | Reached XP level 6. HP: 40/48 MP: 7/7
  3784 | D:4      | Found Ugemiluff's Antique Armour Emporium.
  3786 | D:4      | Found Vaenizepp's Magic Scroll Boutique.
  3793 | D:4      | Noticed a hungry ghost
  3803 | D:4      | Killed a hungry ghost
  3803 | D:4      | Reached skill level 5 in Staves
  3803 | D:4      | Reached skill level 4 in Armour
  3811 | D:4      | Bought a scroll of identify for 20 gold pieces
  3811 | D:4      | Bought a scroll of identify for 20 gold pieces
  3925 | D:4      | Found Feboisaf's Antique Armour Shoppe.
  3934 | D:4      | Reached skill level 6 in Staves
  4066 | D:4      | Reached XP level 7. HP: 54/55 MP: 8/8
  4086 | D:4      | Found a sacrificial altar of Ru.
  4321 | D:4      | Reached skill level 7 in Staves
  4321 | D:4      | Reached skill level 5 in Armour
  4371 | D:4      | Noticed Edmund
  4388 | D:4      | Killed Edmund
  4837 | D:5      | Entered Level 5 of the Dungeon
  4880 | D:5      | Reached skill level 8 in Staves
  4898 | D:5      | Reached XP level 8. HP: 28/61 MP: 9/9
  4908 | D:5      | Noticed Ijyb
  4916 | D:5      | HP: 11/61 [Ijyb/wand of lightning (?/15) (16)]
  4922 | D:5      | HP: 11/61 [adder (1)]
  4927 | D:4      | HP: 9/61 [poisoned by an adder]
  4935 | D:4      | HP: 9/61 [poisoned by an adder]
  4943 | D:4      | HP: 8/61 [poisoned by an adder]
  5215 | D:5      | Killed Ijyb
  5276 | D:5      | Reached skill level 6 in Armour
  5314 | D:5      | Found a staircase to the Ecumenical Temple.
  5327 | Temple   | Entered the Ecumenical Temple
  5490 | Temple   | Became a worshipper of Warmaster Okawaru
  5540 | D:5      | Reached skill level 9 in Staves
  5559 | D:5      | Found a glowing golden altar of the Shining One.
  6059 | D:6      | Found Lyakom's Antique Armour Shop.
  6086 | D:6      | Reached skill level 10 in Staves
  6086 | D:6      | Reached skill level 7 in Armour
  6194 | D:6      | Reached * piety under Okawaru
  6268 | D:6      | Found a glowing drain.
  6291 | Sewer    | Entered a sewer
  6308 | Sewer    | Noticed Purgy
  6314 | Sewer    | Killed Purgy
  6563 | D:6      | Noticed Eustachio
  6594 | D:6      | Killed Eustachio
  6594 | D:6      | Reached XP level 9. HP: 43/67 MP: 8/10
  6629 | D:5      | Reached skill level 11 in Staves
  6836 | D:4      | HP: 20/67 [poisoned by a gnoll sergeant]
  6841 | D:4      | HP: 18/67 [poisoned by a gnoll sergeant]
  6847 | D:4      | HP: 16/67 [poisoned by a gnoll sergeant]
  6852 | D:4      | HP: 15/67 [poisoned by a gnoll sergeant]
  6860 | D:4      | HP: 15/67 [poisoned by a gnoll sergeant]
  7122 | D:5      | Reached skill level 8 in Armour
  7540 | D:6      | Noticed a two-headed ogre
  7670 | D:5      | Reached ** piety under Okawaru
  7826 | D:6      | Reached skill level 12 in Staves
  7952 | D:6      | Reached skill level 9 in Armour
  8269 | D:6      | Noticed a troll
  8277 | D:6      | Killed a troll
  8314 | D:6      | Noticed a two-headed ogre
  8319 | D:6      | Killed a two-headed ogre
  8319 | D:6      | Reached skill level 13 in Staves
  8319 | D:6      | Reached XP level 10. HP: 73/73 MP: 8/11
  8355 | D:6      | Killed a two-headed ogre
  8355 | D:6      | Reached *** piety under Okawaru
  8355 | D:6      | Reached skill level 10 in Armour
  8355 | D:6      | Reached skill level 1 in Invocations
  8567 | D:7      | You fall through a shaft for 3 floors!
  8567 | D:10     | Entered Level 10 of the Dungeon
  8673 | D:9      | Reached skill level 2 in Invocations
  8706 | D:9      | Found a hide-covered altar of Uskayaw.
  8706 | D:9      | Noticed a two-headed ogre
  8714 | D:9      | Killed a two-headed ogre
  8714 | D:9      | Reached skill level 3 in Fighting
  8743 | D:8      | Noticed Voxish's ghost (novice KoEn)
  8914 | D:8      | Killed Voxish's ghost
  8914 | D:8      | Reached **** piety under Okawaru
  8914 | D:8      | Reached skill level 4 in Fighting
  8914 | D:8      | Reached skill level 14 in Staves
  8985 | D:8      | Found a staircase to the Lair.
  8986 | D:8      | Noticed an elephant
  9005 | D:7      | Reached skill level 5 in Fighting
  9203 | D:7      | Reached skill level 11 in Armour
  9229 | D:7      | Noticed Prince Ribbit
  9230 | D:7      | Found a stormy altar of Qazlal.
  9252 | D:7      | Killed Prince Ribbit
  9270 | D:7      | Got an ancient dagger
  9657 | D:7      | Reached skill level 6 in Fighting
  9865 | D:7      | Noticed Menkaure
  9879 | D:7      | Killed Menkaure
  9879 | D:7      | Reached XP level 11. HP: 39/89 MP: 12/12
 10156 | D:7      | Found Adoan's Armour Shoppe.
 10428 | D:8      | Noticed a two-headed ogre
 10433 | D:8      | Killed a two-headed ogre
 10433 | D:8      | Reached ***** piety under Okawaru
 10433 | D:8      | Reached skill level 7 in Fighting
 10604 | D:8      | Noticed Joseph
 10631 | D:8      | Killed Joseph
 10631 | D:8      | Reached skill level 12 in Armour
 10815 | D:8      | Found a snail-covered altar of Cheibriados.
 10819 | D:8      | Found a white marble altar of Elyvilon.
 10954 | Lair:1   | Entered Level 1 of the Lair of Beasts
 11050 | Lair:1   | Reached skill level 8 in Fighting
 11606 | Lair:1   | Reached skill level 9 in Fighting
 11789 | Lair:1   | Reached skill level 13 in Armour
 12026 | Lair:1   | Reached skill level 10 in Fighting
 12544 | Lair:1   | Received a gift from Okawaru
 12663 | Lair:1   | Reached XP level 12. HP: 81/108 MP: 13/13
 13259 | Lair:2   | Reached skill level 11 in Fighting
 13298 | Lair:2   | Reached skill level 14 in Armour
 13368 | Lair:2   | Noticed Gastronok
 13405 | Lair:2   | Killed Gastronok
 13507 | Lair:2   | Reached skill level 12 in Fighting
 14346 | Lair:3   | Reached skill level 15 in Armour
 14478 | Lair:3   | Noticed a five-headed hydra
 14490 | Lair:3   | Killed a five-headed hydra
 14490 | Lair:3   | Reached ****** piety under Okawaru
 14492 | Lair:3   | Received a gift from Okawaru
 14516 | Lair:3   | Reached skill level 3 in Invocations
 14523 | Lair:3   | Reached skill level 13 in Fighting
 14798 | Lair:3   | Noticed a four-headed hydra
 14809 | Lair:3   | Killed a four-headed hydra
 15660 | Lair:4   | Found a staircase to the Snake Pit.
 15660 | Lair:4   | Noticed Snorg
 15742 | Lair:4   | Reached XP level 13. HP: 122/122 MP: 14/14
 15752 | Lair:4   | Reached skill level 4 in Invocations
 15865 | Lair:4   | Killed Snorg
 16020 | Lair:4   | Reached skill level 5 in Invocations
 16136 | Lair:4   | Noticed Sonja
 16144 | Lair:4   | Noticed Sonja
 16144 | Lair:4   | Sonja changed into Sonja the queen bee
 16155 | Lair:4   | Killed Sonja the queen bee
 16730 | Lair:4   | Reached skill level 16 in Armour
 16872 | Lair:4   | Reached skill level 3 in Dodging
 16888 | Lair:4   | Reached skill level 14 in Fighting
 16915 | Lair:4   | Noticed Harold
 16961 | Lair:4   | Killed Harold
 16961 | Lair:4   | Received a gift from Okawaru
 16961 | Lair:4   | Reached skill level 6 in Invocations
 16975 | Lair:4   | HP: 31/124 [eight-headed hydra (8)]
 16987 | Lair:4   | Got a pair of jewelled gloves {god gift}
 17009 | Lair:4   | Identified the +2 pair of gloves of Awe {rF++ rCorr Dex+2} (Okawaru gifted it to you on level 4 of the Lair of Beasts)
 17175 | Lair:4   | Reached skill level 4 in Dodging
 17187 | Lair:4   | Found a staircase to the Shoals.
 17765 | Lair:4   | Learned a level 1 spell: Summon Butterflies
 17860 | Lair:4   | Reached skill level 5 in Dodging
 17988 | Lair:5   | Found a labyrinth entrance.
 17993 | Lair:5   | Noticed Rupert
 17994 | Lair:5   | Paralysed by Rupert for 3 turns
 17998 | Lair:5   | Paralysed by Rupert for 4 turns
 18018 | Lair:5   | Killed Rupert
 18018 | Lair:5   | Reached skill level 7 in Invocations
 18031 | Lab      | Entered a labyrinth
 18241 | Lab      | Noticed a minotaur
 18254 | Lab      | Killed a minotaur
 18254 | Lab      | Reached skill level 6 in Dodging
 18262 | Lab      | Got a distressingly furry robe
 18524 | Lair:5   | Reached XP level 14. HP: 120/133 MP: 18/18
 18545 | Lair:5   | Received a gift from Okawaru
 18891 | Lair:5   | Found a runed door.
 19052 | Lair:5   | Found a staircase to the Slime Pits.
 19053 | Lair:5   | Found a viscous altar of Jiyva.
 19189 | Lair:5   | Reached skill level 8 in Invocations
 19213 | Lair:5   | Reached skill level 15 in Fighting
 19365 | Lair:5   | Reached skill level 7 in Dodging
 19374 | Lair:5   | Reached skill level 1 in Evocations
 19694 | Lair:6   | Entered Level 6 of the Lair of Beasts
 19762 | Lair:6   | Reached skill level 2 in Evocations
 19910 | Lair:6   | Reached skill level 8 in Dodging
 19986 | Lair:6   | Reached skill level 3 in Evocations
 20262 | Lair:6   | Received a gift from Okawaru
 20263 | Lair:6   | Got a pair of smoking boots {god gift}
 20319 | Lair:6   | Identified the +1 pair of boots of the Sturgeon {Str+5 Dex-3} (Okawaru gifted it to you on level 6 of the Lair of Beasts)
 20367 | Lair:6   | Reached skill level 4 in Evocations
 20782 | Lair:6   | Reached skill level 9 in Dodging
 20864 | Lair:6   | Reached skill level 5 in Evocations
 21276 | Lair:6   | Reached skill level 10 in Dodging
 21276 | Lair:6   | Reached skill level 6 in Evocations
 21374 | Lair:6   | Got a brightly glowing dire flail
 22573 | D:10     | Got a scorched sapphire amulet
 23229 | D:11     | Received a gift from Okawaru
 23239 | D:11     | Got a distressingly furry plate armour {god gift}
 23355 | Lair:1   | Identified the +5 plate armour of Okawaru's Favour {+Fly rPois rC- Int+4} (Okawaru gifted it to you on level 11 of the Dungeon)
 23584 | D:11     | Reached XP level 15. HP: 141/141 MP: 5/20
 23950 | D:12     | Reached skill level 7 in Evocations
 24239 | D:12     | Found a staircase to the Orcish Mines.
 24331 | D:12     | Reached skill level 11 in Dodging
 24935 | Lair:2   | Got an amber-encrusted chain mail
 24984 | Lair:1   | Upgraded the game from 0.20-a0-1116-gaa52201 to 0.20-a0-1117-g62da73f
 25113 | Orc:1    | Entered Level 1 of the Orcish Mines
 25387 | Orc:2    | Entered Level 2 of the Orcish Mines
 25433 | Orc:2    | Noticed Erolcha
 25444 | Orc:2    | Killed Erolcha
 25567 | Orc:2    | Reached skill level 8 in Evocations
 25591 | Orc:2    | Found a staircase to the Elven Halls.
 26370 | Orc:2    | Reached skill level 12 in Dodging
 26512 | Orc:2    | Paralysed by an orc sorcerer for 2 turns
 26515 | Orc:2    | Paralysed by an orc sorcerer for 2 turns
 26536 | Orc:2    | Received a gift from Okawaru
 26633 | Orc:2    | Reached skill level 9 in Evocations
 26891 | Orc:2    | Found Namiryq's Gadget Emporium.
 26891 | Orc:2    | Found Onker's Distillery.
 26892 | Orc:2    | Found Quafef's Weapon Shoppe.
 26895 | Orc:2    | Found Yzycwy's General Store.
 26938 | Orc:2    | Bought a scroll of identify for 30 gold pieces
 26942 | Orc:2    | Bought a potion of flight for 33 gold pieces
 27260 | Lair:1   | Identified the amulet of Lady Luck {Spirit Int+4} (You found it on level 10 of the Dungeon)
 27789 | D:13     | Got a fine scale mail
 27817 | D:13     | Received a gift from Okawaru
 28289 | D:13     | Found a gate to the Vaults.
 28367 | D:13     | Found Jeiset's Weapon Shop.
 28411 | D:13     | Found an opulent altar of Gozag.
 28452 | D:13     | Reached skill level 13 in Dodging
 29022 | D:14     | Reached skill level 10 in Evocations
 29272 | D:14     | HP: 38/141 [death knight/great mace of protection (8)]
 29640 | D:14     | Reached XP level 16. HP: 140/149 MP: 22/22
 30218 | Lair:1   | Identified the +6 chain mail "Vuotaz" {rN+} (You found it on level 2 of the Lair of Beasts)
 30373 | D:15     | Entered Level 15 of the Dungeon
 30489 | D:15     | Reached skill level 14 in Dodging
 30535 | D:15     | Received a gift from Okawaru
 30535 | D:15     | Reached skill level 11 in Evocations
 30549 | D:15     | Got a dazzling mace {god gift}
 30710 | D:15     | HP: 44/149 [slime creature (2)]
 30959 | D:15     | Found a basalt altar of Yredelemnul.
 31152 | D:15     | Found a staircase to the Depths.
 31747 | Snake:1  | Entered Level 1 of the Snake Pit
 31940 | Snake:1  | Noticed Asterion
 31961 | Snake:1  | Gained mutation: You are frail. (-10% HP) [a cacodemon]
 31962 | Snake:1  | Killed Asterion
 32081 | Snake:1  | Found a glowing silver altar of Zin.
 32168 | Snake:1  | Received a gift from Okawaru
 32271 | Snake:1  | Reached skill level 9 in Invocations
 33189 | Snake:2  | Reached skill level 16 in Fighting
 33495 | Snake:2  | Found Odghodeb's Antique Weapon Boutique.
 33547 | Snake:2  | Reached skill level 12 in Evocations
 33666 | Snake:2  | Reached skill level 10 in Invocations
 34107 | Snake:3  | Reached XP level 17. HP: 117/142 MP: 25/25
 34381 | Snake:3  | Received a gift from Okawaru
 34723 | Snake:4  | Entered Level 4 of the Snake Pit
 35270 | Snake:4  | HP: 43/144 [naga sharpshooter/arrow (13)]
 35275 | Snake:4  | HP: 41/144 [poisoned by a naga warrior (splash of poison)]
 35280 | Snake:4  | HP: 24/144 [poisoned by a naga warrior (splash of poison)]
 35539 | Snake:4  | Received a gift from Okawaru
 35540 | Snake:4  | Got a bloodstained robe {god gift}
 35706 | Snake:4  | Reached skill level 17 in Fighting
 35910 | Snake:4  | HP: 41/144 [poisoned by a naga mage (poison arrow)]
 35915 | Snake:4  | HP: 29/144 [poisoned by a naga mage (splash of poison)]
 35921 | Snake:3  | HP: 39/144 [poisoned by a naga mage (poison arrow)]
 35927 | Snake:3  | HP: 41/144 [poisoned by a naga mage (poison arrow)]
 36110 | Snake:4  | HP: 43/144 [poisoned by a naga mage (poison arrow)]
 36115 | Snake:4  | HP: 42/144 [poisoned by a naga mage (poison arrow)]
 36120 | Snake:3  | HP: 42/144 [poisoned by a naga mage (poison arrow)]
 36126 | Snake:3  | HP: 43/144 [poisoned by a naga mage (poison arrow)]
 36492 | Snake:4  | Reached skill level 17 in Armour
 36564 | Snake:4  | HP: 42/144 [naga warrior/trident (20)]
 36568 | Snake:4  | Reached skill level 13 in Evocations
 36569 | Snake:4  | HP: 30/144 [poisoned by a naga warrior (splash of poison)]
 36574 | Snake:4  | HP: 27/144 [poisoned by a naga mage (splash of poison)]
 36583 | Snake:4  | HP: 38/144 [poisoned by a naga sharpshooter (splash of poison)]
 36588 | Snake:4  | HP: 33/144 [poisoned by a guardian serpent (bolt of poison)]
 36593 | Snake:4  | HP: 16/144 [naga warrior/flail (6)]
 36599 | Snake:4  | HP: 12/144 [poisoned by a guardian serpent (bolt of poison)]
 36604 | Snake:4  | HP: 11/144 [poisoned by a guardian serpent (bolt of poison)]
 36609 | Snake:4  | HP: 11/144 [poisoned by a guardian serpent (bolt of poison)]
 36616 | Snake:4  | HP: 13/144 [poisoned by a guardian serpent (bolt of poison)]
 36623 | Snake:4  | HP: 17/144 [poisoned by a guardian serpent (bolt of poison)]
 36631 | Snake:4  | HP: 21/144 [poisoned by a guardian serpent (bolt of poison)]
 37271 | Snake:4  | HP: 41/145 [naga mage/spear (5)]
 37275 | Snake:4  | HP: 18/145 [nagaraja/bolt of poison (3)]
 37280 | Snake:4  | HP: 27/145 [poisoned by a nagaraja (poison arrow)]
 37285 | Snake:4  | HP: 24/145 [poisoned by a naga mage (splash of poison)]
 37290 | Snake:4  | HP: 22/145 [poisoned by a naga mage (splash of poison)]
 37295 | Snake:4  | HP: 21/145 [poisoned by a naga mage (splash of poison)]
 37300 | Snake:3  | HP: 21/145 [poisoned by a naga mage (splash of poison)]
 37307 | Snake:3  | HP: 23/145 [poisoned by a naga mage (splash of poison)]
 37314 | Snake:3  | HP: 26/145 [poisoned by a naga mage (splash of poison)]
 37322 | Snake:3  | HP: 30/145 [poisoned by a naga mage (splash of poison)]
 37602 | Snake:4  | Got a serpentine rune of Zot
 37658 | Snake:4  | Received a gift from Okawaru
 37752 | Snake:4  | Upgraded the game from 0.20-a0-1117-g62da73f to 0.20-a0-1121-gbb42413
 38179 | Shoals:1 | Entered Level 1 of the Shoals
 38212 | Shoals:1 | Noticed Aizul
 38238 | Shoals:1 | Killed Aizul
 38238 | Shoals:1 | Reached XP level 18. HP: 119/153 MP: 21/27
 38371 | Shoals:1 | Noticed Nikola
 38387 | Shoals:1 | Killed Nikola
 38479 | Shoals:1 | Reached skill level 18 in Fighting
 39023 | Shoals:2 | Noticed Polyphemus
 39067 | Shoals:2 | Killed Polyphemus
 39578 | Shoals:2 | Reached skill level 18 in Armour
 40176 | Lair:1   | Upgraded the game from 0.20-a0-1121-gbb42413 to 0.20-a0-1122-gb7cbeb9
 40454 | Shoals:3 | Noticed Kirke
 40536 | Shoals:3 | Killed Kirke
 40630 | Shoals:3 | Reached skill level 14 in Evocations
 40658 | Shoals:3 | Received a gift from Okawaru
 41099 | Shoals:3 | Identified a scroll of acquirement
 41126 | Shoals:4 | Entered Level 4 of the Shoals
 41782 | Shoals:4 | Reached skill level 1 in Throwing
 42226 | Shoals:4 | Reached skill level 2 in Throwing
 42243 | Shoals:4 | HP: 43/156 [merfolk javelineer/steel javelin (16)]
 42249 | Shoals:3 | HP: 45/156 [poisoned by a merfolk impaler]
 42443 | Shoals:3 | Reached skill level 19 in Fighting
 42526 | Shoals:3 | Received a gift from Okawaru
 42615 | Shoals:4 | Got a barnacled rune of Zot
 42652 | Shoals:4 | HP: 45/158 [merfolk siren/spear (6)]
 42657 | Shoals:4 | HP: 10/158 [merfolk impaler/trident of venom (42)]
 42940 | Shoals:4 | Reached skill level 3 in Throwing
 43376 | Shoals:4 | HP: 44/158 [faun/uncursed spear[a satyr] (11)]
 43380 | Shoals:4 | Reached skill level 19 in Armour
 43505 | Shoals:4 | Reached XP level 19. HP: 149/164 MP: 28/28
 43642 | Shoals:4 | Got a steaming brass ring
 43677 | Shoals:4 | Noticed Ilsuiw
 43691 | Shoals:4 | Killed Ilsuiw
 43710 | Shoals:4 | Received a gift from Okawaru
 43780 | Shoals:4 | HP: 36/164 [water nymph/the raging water (26)]
 43781 | Shoals:4 | HP: 17/164 [water nymph/the raging water (20)]
 43782 | Shoals:4 | HP: 8/164 [water nymph/the raging water (15)]
 44180 | Shoals:3 | Reached skill level 4 in Throwing
 44787 | Vaults:1 | Entered Level 1 of the Vaults
 45013 | D:13     | Received a gift from Okawaru
 45014 | D:13     | Got a slimy plate armour {god gift}
 45070 | D:13     | Identified the +5 plate armour of Enesoz {rElec rPois Int+5} (Okawaru gifted it to you on level 13 of the Dungeon)
 45210 | Vaults:1 | HP: 31/164 [yaktaur captain/bolt (33)]
 45214 | Vaults:1 | HP: 6/164 [yaktaur/bolt[a vault warden] (10)]
 45226 | Vaults:1 | HP: 9/164 [vault warden/bolt (10)]
 45701 | Vaults:1 | Reached skill level 5 in Throwing
 46291 | Vaults:1 | HP: 34/165 [two-headed ogre/giant club (17)]
 46296 | Vaults:1 | HP: 32/165 [two-headed ogre/giant club (3)]
 46306 | Vaults:1 | HP: 22/165 [ogre/giant spiked club (13)]
 46308 | Vaults:1 | HP: 7/165 [ogre/giant spiked club (15)]
 46780 | Vaults:1 | Noticed a Brimstone Fiend
 46787 | Vaults:1 | Reached skill level 6 in Throwing
 47013 | Vaults:1 | Reached skill level 20 in Fighting
 47412 | Vaults:1 | Received a gift from Okawaru
 47430 | Vaults:1 | HP: 45/166 [cyan very ugly thing (13)]
 47439 | Vaults:1 | HP: 36/166 [centaur warrior (6)]
 47452 | Vaults:1 | HP: 4/166 [wizard/crystal spear (32)]
 47453 | Vaults:1 | Killed from afar by a wizard

Vault maps used:
D:1:      scummos_arrival_forest, minmay_ruptured
D:2:      serial_forest, infiniplex_forest_clump_medium, infiniplex_forest_pool,
          infiniplex_forest_clump_tiny, infiniplex_forest_lined_1,
          infiniplex_forest_clump_long, infiniplex_forest_zigzag_1,
          infiniplex_forest_pool, minmay_pentomino_p2, uniq_robin
D:3:      kiku_gazebo_pond_becter, first_bread, serial_bayou_lake_a
D:4:      serial_shops, shop_fountains, shop, shop, serial_forest,
          infiniplex_forest_clump_double, infiniplex_forest_clump_long,
          infiniplex_forest_clump_long, infiniplex_forest_end_1,
          infiniplex_forest_clump_small, infiniplex_forest_straight_3,
          infiniplex_forest_clump_tiny, nicolae_ru_sacrificial_ziggurat,
          uniq_edmund
D:5:      nicolae_tso_swordbearing_angel, temple_statues, minmay_mini_ossuary,
          uniq_ijyb
D:6:      cheibrodos_fzero, gup_sewer_entry_bubbles, serial_undead,
          serial_undead_c, serial_undead_c, serial_undead_a, serial_undead_c,
          serial_undead_a, serial_undead_d, serial_shops, shop,
          minmay_small_thing, uniq_eustachio
D:7:      nicolae_qazlal_general_emergency, serial_shops,
          nicolae_shop_behind_doors, uniq_menkaure, uniq_prince_ribbit1
D:8:      minitemple, david_lair_generic, uniq_joseph
D:9:      old_standard_altar
D:12:     erik_orc_2
D:13:     hangedman_vaults_entry_quadrant_bands, serial_shops, shop,
          serial_co_window_serial, co_window_corner_a, co_window_paths_b,
          co_window_paths_a, co_window_paths_b, co_window_paths_a,
          co_window_paths_b, co_window_corner_a, co_window_corner_b,
          co_window_cross_3, co_window_corner_b, co_window_corner_ca,
          co_window_unsneaky_path_a, co_window_corner_b, glass_columns_a,
          glass_columns_a, glass_columns_c, glass_columns_c, glass_columns_a,
          basic_altar
D:14:     minmay_misc_feat_diagonals, grunt_livestock, kennysheep_inner_square
D:15:     hangedman_depths_entry_civil_slaughter, serial_bayou_pond_c,
          lemuel_hellish_altar
Temple:   nicolae_temple_elliptical
Lair:1:   beast_lair_carwin_large_2, serial_bayou_ford_a
Lair:2:   ice2_lemuel, grunt_megastairs_2, serial_bayou_shore_b, uniq_gastronok
Lair:3:   beast_lair_carwin_1
Lair:4:   kb_forest_paths, elwin_shoals_entry_rocks, dummy_snake_entry,
          beast_lair_carwin_2, lemuel_fruit_tree, uniq_harold, uniq_snorg,
          uniq_sonja
Lair:5:   gammafunk_lair_enchanted_lake, slime_altar_1, lab_entry_generic,
          grunt_forest_small_clearing_treed, uniq_rupert
Lair:6:   evilmike_catoblepas_cave
Shoals:1: st_shoals_ruin, uniq_nikola, uniq_aizul
Shoals:2: uniq_polyphemus
Shoals:3: uniq_kirke
Shoals:4: shoals_end_simple, shoals_ilsuiw_ice
Snake:1:  basic_altar, uniq_asterion
Snake:2:  serial_shops, nicolae_shop_behind_doors, grunt_ministairs_7
Snake:3:  serial_bayou_crossing
Snake:4:  snake_pit
Orc:2:    st_orc_mages, uniq_erolcha
Vaults:1: v_rooms_4, hangedman_vaults_corner, grunt_vaults_focal,
          vaults_mumra_bighexcomb, v_misc_29, vaults_room_hallway,
          ontoclasm_vaults_ring_square, hangedman_vaults_nails, v_pattern_2,
          v_rooms_4, vaults_dpeg_diagonal, v_misc_15
Lab:      labyrinth_hidden_loot, nicolae_lab_hexagon, labyrinth_fake_exit
Sewer:    kennysheep_door_sewer

Skill      XL: |  1  2  3  4  5  6  7  8  9 10 11 12 13 14 15 16 17 18 19 |
---------------+----------------------------------------------------------+-----
Fighting       | 1 2 6 10 13 14 15 16 17 19 20 | 20.0
Short Blades   | 2 |  2.4
Armour         | 1 2 3 4 5 7 9 11 13 15 16 17 19 | 19.8
Staves         | 1 3 4 6 8 10 13 14 | 14.0
Invocations    | 2 3 7 8 10 | 10.0
Dodging        | 6 10 13 14 | 14.1
Evocations     | 6 10 12 13 14 | 14.2
Throwing       | 3 6 |  6.9
Stealth        | |  2.4
Spellcasting   | |  1.3
Hexes          | |  2.0

Action                   |  1- 3 |  4- 6 |  7- 9 | 10-12 | 13-15 | 16-18 | 19-21 || total
-------------------------+-------+-------+-------+-------+-------+-------+-------++-------
Melee: Dagger            |    73 |       |       |       |       |       |       ||    73
       Headbutt          |    14 |    30 |   104 |   223 |   645 |   472 |   154 ||  1642
       Quarterstaff      |    47 |   186 |   445 |   854 |  1503 |    15 |       ||  3050
       Short sword       |    11 |       |       |       |       |       |       ||    11
       Lajatang          |       |       |       |       |   709 |  2031 |   522 ||  3262
 Fire: Blowgun           |       |       |       |       |     2 |     1 |       ||     3
Throw: Stone             |     7 |     3 |       |       |       |       |       ||    10
       Javelin           |       |    10 |    15 |    26 |     9 |       |       ||    60
       Tomahawk          |       |       |       |    20 |     5 |     8 |       ||    33
       Throwing net      |       |       |       |       |     3 |       |       ||     3
Invok: Heroism           |       |       |     5 |     9 |     8 |    16 |     3 ||    41
       Finesse           |       |       |       |       |     3 |     4 |       ||     7
 Abil: Evoke Flight      |       |       |       |       |     3 |    17 |     2 ||    22
       Stop Flying       |       |       |       |       |     1 |       |       ||     1
       Evoke Invisibilit |       |       |       |       |       |     2 |     1 ||     3
Evoke: Wand              |       |       |       |       |    16 |     8 |     5 ||    29
  Use: Scroll            |     6 |     9 |     7 |     7 |    11 |    13 |     3 ||    56
       Potion            |       |       |     2 |     2 |     1 |     7 |     4 ||    16
 Stab: Sleeping          |     2 |       |       |       |       |       |       ||     2
       Invisible         |       |       |     1 |       |       |     4 |     7 ||    12
       Held in net/web   |       |       |       |       |     2 |       |       ||     2
       Petrified         |       |       |       |       |     2 |       |       ||     2
       Confused          |       |       |       |       |     6 |       |       ||     6
  Eat: Chunk             |     3 |     9 |    17 |    28 |    47 |    34 |    12 ||   150
       Bread ration      |       |       |       |       |     2 |     2 |       ||     4
       Royal jelly       |       |       |       |       |     1 |     1 |     1 ||     3
       Meat ration       |       |       |       |       |       |     1 |       ||     1
Armor: Ring mail         |    26 |       |       |       |       |       |       ||    26
       Chain mail        |    30 |    69 |       |       |   271 |       |       ||   370
       Plate armour      |       |    65 |   291 |   414 |   738 |  1512 |   379 ||  3399
Dodge: Dodged            |    49 |    51 |   125 |   231 |   831 |  1186 |   381 ||  2854

Table legend:
 A = Turns spent in this place as a percentage of turns spent in the entire game.
 B = Non-inter-level travel turns spent in this place as a percentage of non-inter-level travel turns spent in the entire game.
 C = Inter-level travel turns spent in this place as a percentage of turns spent in this place.
 D = Turns resting spent in this place as a percentage of non-inter-level travel turns spent in this place.
 E = Turns spent auto-exploring this place as a percentage of non-inter-level travel turns spent in this place.
 F = Non-inter-level travel turns spent in this place divided by the number of levels of this place that you've seen.
                   A       B       C       D       E      F
               +-------+-------+-------+-------+-------+----------------------
         Total | 100.0 | 100.0 |   0.5 |   2.5 |   3.2 | 599.5
       Dungeon |  34.0 |  34.0 |   0.5 |   2.4 |   4.5 | 475.3
        Temple |   0.2 |   0.2 |   3.8 |   0.0 |  22.0 |  50.0
          Lair |  23.1 |  23.0 |   0.8 |   2.0 |   3.1 | 805.7
        Shoals |  16.2 |  16.2 |   0.3 |   3.4 |   1.9 | 849.5
     Snake Pit |  14.0 |  14.0 |   0.4 |   3.9 |   3.5 | 733.5
  Orcish Mines |   5.2 |   5.2 |   0.5 |   0.4 |   1.6 | 543.5
        Vaults |   5.3 |   5.3 |   0.2 |   1.9 |   1.2 | 1122.0
     Labyrinth |   1.3 |   1.4 |   0.0 |   0.0 |   0.0 | 284.0
         Sewer |   0.7 |   0.7 |   0.0 |   0.0 |   0.0 | 144.0
               +-------+-------+-------+-------+-------+----------------------

Vault maps used:
D:1:      scummos_arrival_forest, minmay_ruptured
D:2:      serial_forest, infiniplex_forest_clump_medium, infiniplex_forest_pool,
          infiniplex_forest_clump_tiny, infiniplex_forest_lined_1,
          infiniplex_forest_clump_long, infiniplex_forest_zigzag_1,
          infiniplex_forest_pool, minmay_pentomino_p2, uniq_robin
D:3:      kiku_gazebo_pond_becter, first_bread, serial_bayou_lake_a
D:4:      serial_shops, shop_fountains, shop, shop, serial_forest,
          infiniplex_forest_clump_double, infiniplex_forest_clump_long,
          infiniplex_forest_clump_long, infiniplex_forest_end_1,
          infiniplex_forest_clump_small, infiniplex_forest_straight_3,
          infiniplex_forest_clump_tiny, nicolae_ru_sacrificial_ziggurat,
          uniq_edmund
D:5:      nicolae_tso_swordbearing_angel, temple_statues, minmay_mini_ossuary,
          uniq_ijyb
D:6:      cheibrodos_fzero, gup_sewer_entry_bubbles, serial_undead,
          serial_undead_c, serial_undead_c, serial_undead_a, serial_undead_c,
          serial_undead_a, serial_undead_d, serial_shops, shop,
          minmay_small_thing, uniq_eustachio
D:7:      nicolae_qazlal_general_emergency, serial_shops,
          nicolae_shop_behind_doors, uniq_menkaure, uniq_prince_ribbit1
D:8:      minitemple, david_lair_generic, uniq_joseph
D:9:      old_standard_altar
D:12:     erik_orc_2
D:13:     hangedman_vaults_entry_quadrant_bands, serial_shops, shop,
          serial_co_window_serial, co_window_corner_a, co_window_paths_b,
          co_window_paths_a, co_window_paths_b, co_window_paths_a,
          co_window_paths_b, co_window_corner_a, co_window_corner_b,
          co_window_cross_3, co_window_corner_b, co_window_corner_ca,
          co_window_unsneaky_path_a, co_window_corner_b, glass_columns_a,
          glass_columns_a, glass_columns_c, glass_columns_c, glass_columns_a,
          basic_altar
D:14:     minmay_misc_feat_diagonals, grunt_livestock, kennysheep_inner_square
D:15:     hangedman_depths_entry_civil_slaughter, serial_bayou_pond_c,
          lemuel_hellish_altar
Temple:   nicolae_temple_elliptical
Lair:1:   beast_lair_carwin_large_2, serial_bayou_ford_a
Lair:2:   ice2_lemuel, grunt_megastairs_2, serial_bayou_shore_b, uniq_gastronok
Lair:3:   beast_lair_carwin_1
Lair:4:   kb_forest_paths, elwin_shoals_entry_rocks, dummy_snake_entry,
          beast_lair_carwin_2, lemuel_fruit_tree, uniq_harold, uniq_snorg,
          uniq_sonja
Lair:5:   gammafunk_lair_enchanted_lake, slime_altar_1, lab_entry_generic,
          grunt_forest_small_clearing_treed, uniq_rupert
Lair:6:   evilmike_catoblepas_cave
Shoals:1: st_shoals_ruin, uniq_nikola, uniq_aizul
Shoals:2: uniq_polyphemus
Shoals:3: uniq_kirke
Shoals:4: shoals_end_simple, shoals_ilsuiw_ice
Snake:1:  basic_altar, uniq_asterion
Snake:2:  serial_shops, nicolae_shop_behind_doors, grunt_ministairs_7
Snake:3:  serial_bayou_crossing
Snake:4:  snake_pit
Orc:2:    st_orc_mages, uniq_erolcha
Vaults:1: v_rooms_4, hangedman_vaults_corner, grunt_vaults_focal,
          vaults_mumra_bighexcomb, v_misc_29, vaults_room_hallway,
          ontoclasm_vaults_ring_square, hangedman_vaults_nails, v_pattern_2,
          v_rooms_4, vaults_dpeg_diagonal, v_misc_15
Lab:      labyrinth_hidden_loot, nicolae_lab_hexagon, labyrinth_fake_exit
Sewer:    kennysheep_door_sewer
